Map: Newkirk Precinct TE (Void)

Players

Ryung - Winner!

  • Race: Terran Terran
  • Spawn Location: 7:00

Namshar

  • Race: Zerg Zerg
  • Spawn Location: 5:00

Event: IEM XI Katowice - World Championship 2017

VOD

https://youtu.be/9-NDoFxUGII

Description

Time

  • Played on: Feb. 28, 2017, 9:59 a.m.
  • Length: 21:31

All games in this series

Show
View Real Time Build Order
Export as new Build Order

Ryung Terran - Winner!

Build Orders: Reaper Expand, Hellion Banshee 

Get SALT Encoding   

  12  0:00  SCV  
  13  0:13  SCV  
  14  0:18  Supply Depot  
  14  0:25  SCV  
  15  0:29  Refinery  
  15  0:39  SCV  
  16  0:45  Barracks  
  16  0:51  SCV  
  17  1:03  SCV  
  18  1:15  SCV  
  19  1:31  Orbital Command  
  19  1:32  Reaper  
  20  1:45  Command Center  
  20  1:55  Factory  
  20  1:59  SCV  
  21  2:07  Barracks Reactor  
  21  2:11  SCV  
  22  2:18  Supply Depot  
  22  2:21  Refinery  
  22  2:23  SCV  
  23  2:39  SCV  
  24  2:45  Starport  
  24  2:51  SCV  
  24  2:54  Hellion x2  
  24  2:56  Orbital Command  
  29  3:01  Barracks Tech Lab  
  29  3:03  SCV  
  30  3:16  SCV, Hellion x2  
  35  3:22  SCV  
  36  3:28  SCV  
  36  3:32  Viking  
  39  3:35  SCV  
  39  3:38  Cloaking Field  
  39  3:40  SCV  
  41  3:42  Supply Depot  
  41  3:47  SCV  
  42  3:49  Barracks Tech Lab  
  42  3:52  SCV  
  42  3:54  Hellion  
  45  4:02  SCV  
  46  4:03  Hellion  
  46  4:04  SCV  
  46  4:05  Supply Depot  
  49  4:10  Banshee  
  52  4:18  SCV x2  
  54  4:29  Command Center  
  54  4:30  SCV x2  
  56  4:35  Starport  
  55  4:43  SCV x2  
  57  4:48  Supply Depot  
  57  4:51  Refinery x2  
  57  4:53  Banshee  
  57  4:55  SCV  
  57  4:56  SCV  
  62  5:10  Hellion  
  58  5:15  SCV x2  
  58  5:16  Banshee  
  58  5:19  Hyperflight Rotors  
  63  5:27  Supply Depot, SCV x2  
  63  5:28  Hellion  
  65  5:31  Hellion  
  67  5:36  Banshee  
  67  5:40  Armory, SCV x2, Orbital Command  
  74  5:50  Hellion  
  74  5:52  Hellion, SCV x2  
  78  5:59  Banshee  
  81  6:04  SCV x2  
  83  6:11  Factory  
  83  6:12  Factory  
  83  6:14  SCV  
  83  6:17  SCV  
  85  6:21  Orbital Command  
  85  6:24  Banshee  
  88  6:26  Hellion x2  
  92  6:33  Supply Depot  
  92  6:34  Supply Depot, SCV  
  92  6:36  Refinery  
  92  6:39  Terran Vehicle Weapons Level 1  
  93  6:40  Refinery  
  93  6:46  SCV  
  91  6:48  SCV  
  91  6:49  SCV  
  93  6:55  Banshee, Hellion x2  
  93  6:56  Supply Depot  
  93  6:58  SCV  
  93  7:00  SCV  
  93  7:01  Factory Tech Lab x2  
  102  7:02  SCV  
  102  7:07  Supply Depot x2  
  103  7:10  SCV  
  103  7:13  SCV  
  105  7:20  Banshee  
  108  7:24  SCV x2  
  108  7:25  SCV  
  108  7:27  Thor  
  117  7:37  Banshee  
  117  7:38  Thor  
  117  7:42  Engineering Bay  
  106  8:04  SCV x3  
  96  8:22  Siege Tank x2  
  96  8:24  SCV x2  
  96  8:26  Hellion  
  96  8:27  Hellion  
  102  8:33  Banshee x2  
  103  8:36  SCV  
  95  8:42  SCV  
  95  8:47  Terran Vehicle Weapons Level 2  
  94  8:48  SCV  
  94  8:54  SCV  
  92  8:57  Engineering Bay  
  92  9:00  SCV  
  92  9:01  Orbital Command  
  93  9:05  Siege Tank x2  
  93  9:06  Hellbat x2, SCV  
  102  9:12  SCV  
  103  9:18  SCV  
  104  9:24  SCV  
  104  9:30  Hellion x2  
  109  9:33  SCV x2  
  109  9:37  SCV  
  110  9:40  Hellion x2  
  110  9:45  SCV x2  
  116  9:49  SCV  
  116  9:52  Supply Depot  
  117  9:53  Supply Depot  
  117  9:57  SCV  
  118  10:08  Siege Tank  
  118  10:09  Siege Tank, Hellion x2  
  118  10:13  SCV x2  
  118  10:14  SCV  
  125  10:25  SCV  
  125  10:26  SCV x2  
  128  10:37  Banshee x2  
  128  10:38  SCV x3  
  137  10:48  Siege Tank x2, Hellion  
  137  10:49  Hellion  
  143  11:03  Supply Depot  
  143  11:04  Supply Depot  
  143  11:06  Sensor Tower  
  143  11:09  Terran Vehicle Weapons Level 3  
  143  11:13  Hellion x4  
  143  11:14  Command Center  
  143  11:21  Hellion x2  
  147  11:36  Siege Tank x2  
  147  11:39  Factory  
  153  11:41  Armory, Factory  
  153  11:42  SCV x3  
  156  11:48  Hellion  
  158  12:00  Hellion  
  152  12:20  Banshee x2  
  152  12:21  Siege Tank x2  
  164  12:23  Supply Depot  
  164  12:25  Hellion x2  
  164  12:26  Supply Depot  
  164  12:27  Supply Depot  
  164  12:28  Factory Tech Lab, Factory Reactor  
  160  12:46  Thor  
  160  12:47  Hellion x2  
  160  12:49  Refinery  
  160  12:50  Refinery, SCV  
  160  12:51  SCV  
  169  12:57  SCV  
  167  13:03  SCV  
  168  13:09  Banshee x2  
  174  13:16  SCV x3  
  174  13:18  Planetary Fortress  
  177  13:51  Thor x3  
  193  14:11  Terran Vehicle And Ship Armor Level 1  
  193  14:12  Terran Ship Weapons Level 1  
  185  14:17  Starport  
  183  14:32  Hellion x4  
  183  14:37  Thor  
  197  14:47  Command Center  
  197  14:49  Command Center  
  183  15:11  Thor x2  
  188  15:32  Starport Reactor  
  188  15:33  Thor  
  188  15:34  Starport  
  188  15:35  Banshee, Command Center  
  197  15:36  Starport  
  197  15:55  Infernal Pre-Igniter  
  189  15:58  Corvid Reactor  
  187  16:16  Hellion x6  
  199  16:24  Refinery  
  199  16:27  Terran Vehicle And Ship Armor Level 2, Terran Ship Weapons Level 2  
  196  16:51  Planetary Fortress, Refinery x2  
  192  16:55  Starport Tech Lab, Starport Reactor  
  192  17:02  Orbital Command  
  192  17:05  Command Center  
  192  17:14  Raven x3  
  198  17:17  Recalibrated Explosives  
  187  17:38  Siege Tank x3  
  187  17:40  Hellion x4  
  159  17:46  Viking x3  
  129  18:06  Raven x3  
  129  18:07  Viking  
  137  18:12  Thor  
  137  18:13  Thor  
  143  18:32  Thor  
  143  18:33  Hellion x2  
  143  18:34  Hellion  
  155  18:35  Viking x2  
  159  18:43  SCV  
  159  18:44  SCV x2  
  156  18:55  SCV  
  157  18:56  Planetary Fortress, SCV x3  
  157  19:02  Raven x3  
  166  19:08  SCV, Hellion x4  
  175  19:20  Viking x3  
  175  19:23  Refinery  
  181  19:25  Refinery  
  169  20:17  Banshee x3  
  169  20:18  Viking  
  182  20:28  Viking  
  182  20:38  Siege Tank x2, Hellion x2  
  182  20:39  Siege Tank, Hellion x2  
  196  20:51  Command Center x2  
Show
View Real Time Build Order
Export as new Build Order

Namshar Zerg 

Build Orders: Hatch First 

Get SALT Encoding   

  12  0:00  Drone  
  13  0:13  Overlord  
  13  0:17  Drone  
  14  0:31  Drone x2  
  14  0:35  Drone  
  17  0:52  Hatchery  
  17  0:55  Drone  
  17  0:58  Drone  
  18  1:09  Extractor  
  17  1:14  Spawning Pool  
  17  1:16  Drone  
  17  1:20  Drone  
  18  1:28  Drone  
  19  1:39  Overlord  
  19  1:50  Drone  
  20  2:00  Queen  
  20  2:01  Zergling x2  
  23  2:04  Zergling x2, Queen  
  26  2:09  Metabolic Boost  
  26  2:11  Drone  
  26  2:15  Drone  
  28  2:22  Drone  
  29  2:26  Overlord  
  29  2:36  Queen  
  30  2:37  Drone x2  
  32  2:44  Drone  
  32  2:47  Drone  
  34  2:57  Drone  
  34  2:58  Drone  
  36  3:02  Hatchery  
  35  3:13  Drone x2  
  35  3:14  Drone x2  
  35  3:18  Queen  
  41  3:24  Queen  
  43  3:28  Overlord  
  43  3:32  Overlord  
  43  3:39  Drone  
  43  3:40  Overlord  
  44  3:49  Drone x2  
  44  3:50  Drone x2  
  44  3:52  Drone  
  44  3:54  Roach Warren  
  48  4:00  Queen  
  50  4:03  Spore Crawler  
  51  4:10  Drone  
  51  4:13  Lair  
  50  4:18  Zergling x4, Extractor  
  50  4:19  Zergling x2  
  50  4:20  Drone x3  
  55  4:24  Queen  
  57  4:39  Overlord x2, Drone  
  57  4:43  Overlord  
  57  4:44  Overlord  
  57  4:58  Drone x2  
  57  4:59  Zergling x2  
  59  5:09  Zergling x4  
  59  5:13  Drone x9  
  59  5:14  Drone x4  
  72  5:23  Overseer  
  71  5:28  Extractor, Drone  
  71  5:29  Spire, Drone x2  
  71  5:31  Extractor  
  71  5:32  Extractor  
  71  5:33  Extractor  
  69  5:40  Evolution Chamber  
  69  5:41  Evolution Chamber  
  67  5:47  Overlord x2  
  67  5:48  Drone x4  
  70  5:59  Roach  
  70  6:00  Roach x4  
  78  6:05  Roach  
  78  6:06  Overlord x4  
  80  6:16  Overlord x2  
  79  6:19  Overseer  
  77  6:30  Drone x3  
  80  6:33  Drone x3  
  80  6:35  Drone x4  
  80  6:37  Spore Crawler  
  80  6:39  Spore Crawler  
  85  6:47  Mutalisk  
  85  6:48  Mutalisk x5  
  98  6:54  Glial Reconstitution, Drone x2  
  98  6:57  Drone x2  
  100  7:16  Zerg Missile Weapons Level 1, Zerg Ground Armor Level 1  
  100  7:18  Drone x4  
  104  7:26  Overlord x2, Pneumatized Carapace  
  104  7:27  Drone  
  104  7:28  Zerg Flyer Weapons Level 1  
  105  7:31  Roach x2  
  105  7:32  Hatchery  
  105  7:33  Overlord  
  105  7:34  Drone  
  105  7:35  Drone  
  110  7:53  Roach x10  
  110  7:56  Queen  
  127  8:05  Roach x4  
  114  8:29  Drone  
  114  8:30  Drone x11  
  112  9:07  Spore Crawler, Extractor  
  110  9:10  Extractor  
  110  9:13  Hatchery  
  110  9:16  Drone x3  
  110  9:17  Queen, Infestation Pit, Drone x2  
  110  9:20  Queen  
  110  9:22  Drone  
  115  9:25  Drone x3  
  108  9:33  Roach x2  
  112  9:40  Roach x2  
  112  9:41  Roach  
  112  9:43  Ravager x2  
  120  9:46  Ravager x3  
  120  9:47  Ravager x2  
  120  9:48  Roach  
  127  9:58  Roach x4  
  135  10:05  Roach  
  135  10:06  Roach  
  130  10:13  Roach  
  130  10:19  Roach x5  
  130  10:21  Roach  
  142  10:26  Queen  
  142  10:28  Roach x3  
  150  10:30  Queen  
  152  10:36  Roach  
  152  10:37  Roach x3  
  152  10:39  Roach  
  152  10:40  Roach  
  162  10:50  Extractor  
  162  10:51  Spore Crawler  
  162  10:53  Drone  
  162  10:54  Drone  
  162  10:55  Drone x2  
  164  11:01  Drone  
  165  11:05  Drone x3  
  165  11:09  Zerg Flyer Armor Level 1, Hatchery  
  167  11:16  Overlord x2, Ravager  
  167  11:17  Overlord x2  
  168  11:27  Queen  
  167  11:41  Drone x3  
  167  11:46  Zerg Missile Weapons Level 2, Zerg Ground Armor Level 2  
  170  11:47  Hive  
  170  11:49  Drone  
  170  11:55  Hatchery, Drone x3  
  170  11:56  Extractor, Drone  
  170  11:57  Drone x2  
  170  11:58  Extractor  
  163  12:21  Overseer  
  160  12:57  Spore Crawler  
  159  12:59  Spore Crawler  
  159  13:05  Greater Spire  
  158  13:06  Corruptor x11  
  180  13:15  Queen  
  180  13:16  Drone x3  
  185  13:30  Extractor  
  184  13:34  Hatchery  
  184  13:39  Extractor  
  184  13:40  Drone x6  
  184  13:41  Drone x2  
  188  13:46  Roach x5  
  187  13:53  Ravager  
  187  13:54  Ravager x3  
  187  13:55  Ravager  
  188  14:01  Corruptor  
  188  14:02  Corruptor  
  198  14:24  Brood Lord x5  
  198  14:26  Queen  
  200  14:43  Zerg Flyer Weapons Level 2  
  200  14:49  Hatchery  
  173  15:07  Drone x2  
  173  15:08  Spawning Pool  
  173  15:10  Zerg Ground Armor Level 3, Zerg Missile Weapons Level 3  
  174  15:14  Spire  
  160  15:33  Drone x13  
  161  15:45  Queen  
  163  15:56  Drone x3  
  165  15:57  Drone x3  
  167  16:08  Drone x2  
  167  16:09  Drone  
  170  16:12  Viper x2  
  170  16:13  Viper  
  179  16:25  Viper  
  179  16:28  Spore Crawler  
  181  16:43  Spore Crawler  
  181  16:44  Viper  
  181  16:45  Viper  
  186  16:47  Brood Lord  
  186  16:48  Brood Lord x2  
  186  16:50  Brood Lord  
  188  17:00  Brood Lord  
  188  17:05  Queen  
  188  17:07  Queen  
  190  17:09  Brood Lord  
  190  17:13  Corruptor  
  172  17:44  Corruptor x5  
  152  17:56  Drone x2  
  152  17:57  Drone x4  
  156  18:00  Extractor  
  156  18:01  Corruptor x2  
  159  18:09  Overseer  
  159  18:10  Overseer  
  153  18:31  Viper x2  
  140  18:34  Drone x10  
  147  18:42  Drone x2  
  149  18:54  Drone x5  
  154  19:00  Viper  
  157  19:22  Drone x3  
  160  19:24  Extractor  
  160  19:26  Extractor  
  160  19:29  Burrow  
  159  19:31  Drone x3  
  159  19:32  Drone x3  
  151  19:53  Drone  
  151  19:54  Drone x8  
  151  19:56  Drone  
  151  19:57  Drone  
  161  20:18  Pathogen Glands  
  161  20:20  Drone  
  162  20:27  Overseer  
  162  20:36  Drone x3  
  162  20:37  Spawning Pool  
  162  20:39  Drone x3  
  162  20:40  Drone  
  162  20:41  Drone  
  169  20:52  Corruptor  
  169  20:53  Corruptor x2  

Tags
 
Add a new tag
Caveats
  • Supply blocks, unpowered buildings, or Contaminate may cause inaccurate times.
  • Supply counts are checked every 10 seconds.